 Dungeon Crawl Stone Soup version 0.29-a0-870-g2c972031a6 (webtiles) character file.

Game seed: 8263691346616172020

3332 wingedge the Spear-Bearer (level 10, -10/60 HPs)
             Began as a Tengu Fighter on July 16, 2022.
             Was a Priest of Kikubaaqudgha.
             Mangled by a vault guard
             ... wielding a +0 broad axe
              (17 damage)
             ... in a bailey on July 17, 2022.
             The game lasted 00:54:37 (7162 turns).

wingedge the Spear-Bearer (Tengu Fighter)           Turns: 7162, Time: 00:54:37

Health: -10/60     AC: 13    Str: 18    XL:     10   Next: 2%
Magic:  12/12      EV:  7    Int:  8    God:    Kikubaaqudgha [***...]
Gold:   149        SH:  0    Dex: 17    Spells: 10/11 levels left

rFire   . . .      SeeInvis .   a - +4 bardiche
rCold   . . .      Faith    .   (shield currently unavailable)
rNeg    . . .      Spirit   .   j - +0 plate armour
rPois   .          Reflect  .   (helmet restricted)
rElec   .          Harm     .   e - +0 cloak
rCorr   .          Rampage  .   (no gloves)
Will    .....                   (boots unavailable)
Stlth   ..........              (no amulet)
HPRegen 0.20/turn               (no ring)
MPRegen 0.13/turn               (no ring)

@: mighty, flying quickly and evasively, quick
A: beak, talons 3, nimble flight
a: Renounce Religion, Unearth Wretches


You were in a bailey.
You worshipped Kikubaaqudgha.
Kikubaaqudgha was most pleased with you.
You visited 1 branch of the dungeon, and saw 7 of its levels.
You also visited: Bailey.

You collected 335 gold pieces.
You spent 186 gold pieces at shops.

Inventory:

Hand Weapons
 a - a +4 bardiche (weapon)
 b - a +1 shortbow of freezing
Missiles
 l - 6 boomerangs
 n - 3 javelins (quivered)
 o - 7 poisoned darts
Armour
 c - a +0 buckler
 e - a +0 cloak (worn)
 j - a +0 plate armour (worn)
 k - the +0 scale mail of Wifeis {*Slow rElec rF++ Stlth+}
   (You found it on level 6 of the Dungeon)

   rF:        It greatly protects you from fire.
   rElec:     It insulates you from electricity.
   *Slow:     It may slow you when you take damage.
   Stlth:     It makes you more stealthy.
 y - a +0 scale mail
Magical Staves
 f - a staff of cold
Scrolls
 g - a scroll of fear
 m - 5 scrolls of teleportation
 t - 3 scrolls of fog
Potions
 h - a potion of ambrosia {unknown}
 i - a potion of degeneration {unknown}
 p - 2 potions of mutation {unknown}
 q - a potion of lignification
 r - 2 potions of resistance {unknown}
 v - a potion of brilliance {unknown}


   Skills:
 - Level 6.0 Fighting
 - Level 2.1 Long Blades
 + Level 12.4 Polearms
 - Level 1.0 Ranged Weapons
 - Level 3.0 Throwing
 + Level 5.0 Armour
 - Level 1.0 Dodging
 - Level 3.0 Shields
 - Level 1.0 Spellcasting
 - Level 2.0 Necromancy


You had 10 spell levels left.
You knew the following spells:

 Your Spells              Type           Power      Damage    Failure   Level
a - Necrotise             Necr           12%        1d4       99%         1

Your spell library contained the following spells:

 Spells                   Type           Power      Damage    Failure   Level
 Magic Dart               Conj           0%         1d3       100%        1
 Searing Ray              Conj           0%         2d4       100%        2
 Vampiric Draining        Necr           3%         2d6       100%        3
 Anguish                  Hex/Necr       1%         N/A       100%        4
 Animate Dead             Necr           3%         N/A       100%        4
 Corpse Rot               Necr/Pois/Air  1%         N/A       100%        4
 Fulminant Prism          Conj/Hex       0%         3d6       100%        4
 Agony                    Necr           3%         N/A       100%        5
 Alistair's Intoxication  Tmut/Pois      0%         N/A       100%        5
 Borgnjor's Vile Clutch   Necr/Erth      1%         N/A       100%        5
 Death Channel            Necr           1%         N/A       100%        6
 Eringya's Noxious Bog    Tmut/Pois      0%         N/A       100%        6
 Simulacrum               Ice/Necr       1%         N/A       100%        6


Dungeon Overview and Level Annotations

Branches:
Dungeon (7/15)             Bailey (1/1)
 Temple: D:4-7

Altars:
Dithmenos
Gozag
Kikubaaqudgha
Vehumet

Shops:
D:5 ((


Innate Abilities, Weirdness & Mutations

You have a beak for a mouth.
You have claws for feet.
Your magical nature lets you fly swiftly and evasively.


Message History

The javelin closely misses the vault guard.
Throw: 4 javelins
Press: ? - help, Q - select action, (/) - cycle Shift-Dir - straight line, f/p - vault guard
Aim: a vault guard, wielding a +0 broad axe and wearing a +0 plate armour (64% to hit)
You throw a javelin.
The javelin pierces through the vault guard.
The vault guard is lightly wounded.
Reach: a) +4 bardiche
Press: ? - help, Dir - move target, f/p - vault guard
Aim: a vault guard, wielding a +0 broad axe and wearing a +0 plate armour (lightly wounded, about 35% to evade your +4 bardiche)
You reach to attack!
You closely miss the vault guard.
The vault guard is lightly wounded.
The vault guard hits you with a +0 broad axe.
You slice the vault guard!! Your kick misses the vault guard.
You peck the vault guard.
The vault guard is heavily wounded.
The vault guard hits you with a +0 broad axe!!
You slice the vault guard!!
You peck the vault guard, but do no damage.
The vault guard is severely wounded.
The vault guard hits you with a +0 broad axe!
You slash the vault guard!
The vault guard is almost dead.
The vault guard hits you with a +0 broad axe!
* * * LOW HITPOINT WARNING * * *
The vault guard completely misses you.
You closely miss the vault guard.
You claw the vault guard, but do no damage.
The vault guard is almost dead.
The vault guard hits you but does no damage.
You hit the vault guard.
You claw the vault guard, but do no damage.
The vault guard is almost dead.
The vault guard hits you with a +0 broad axe.
* * * LOW HITPOINT WARNING * * *
You barely miss the vault guard. Your peck misses the vault guard.
The vault guard is almost dead.
The vault guard hits you with a +0 broad axe!
You die...
Kikubaaqudgha rasps: "You have failed me!
Welcome... death!"

###### ###@p.≈# ##≈.≈#..≈≈#
##≈≈.≈# ...≈# #≈≈≈.≈## ..(#
#######≈..≈≈###?(#########
##.....##...≈≈≈####≈≈#....##
#.......#....≈≈≈≈≈≈≈≈#.....#
#....∩..'..≈.≈≈≈≈≈÷.÷'..#...
#.......#.......)))..#..#...


You could see a vault guard.

Vanquished Creatures
  A vault guard (Bailey)
  Prince Ribbit (Bailey)
  3 humans (Bailey)
  2 ice beasts
  A sky beast (D:7)
  A black bear (D:6)
  An ogre (D:5)
  2 phantoms
  10 bullfrogs (Bailey)
  A necrophage (D:6)
  A gnoll sergeant (D:6)
  A scorpion (D:6)
  A wight (D:6)
  2 orc priests (D:6)
  Crazy Yiuf (D:2)
  2 hounds (D:5)
  A gnoll bouda (D:6)
  5 iguanas
  3 orc wizards
  6 gnolls
  7 adders
  4 shadow imps (D:5)
  2 white imps (D:5)
  An ufetubus (D:5)
  6 worms
  4 dart slugs
  9 orcs
  8 endoplasms
  A giant cockroach (D:1)
  13 goblins
  9 hobgoblins
  2 jackals (D:3)
  6 kobolds
  2 quokkas (D:4)
  6 ball pythons
  2 bats
  2 frilled lizards (D:3)
130 creatures vanquished.

Vanquished Creatures (others)
  3 demonic plants (D:5)
  3 plants
  2 withered plants (D:1)
8 creatures vanquished.

Grand Total: 138 creatures vanquished

Notes
Turn   | Place    | Note
-------+----------+-------------------------------------------
     0 | D:1      | wingedge the Tengu Fighter began the quest for the Orb.
     0 | D:1      | Reached XP level 1. HP: 14/14 MP: 2/2
    59 | D:1      | Reached XP level 2. HP: 18/19 MP: 3/3
    73 | D:1      | Reached skill level 1 in Polearms
   207 | D:1      | Reached XP level 3. HP: 21/23 MP: 4/4
   352 | D:1      | Found a faded altar of an unknown god.
   362 | D:1      | Prayed at the altar of an unknown god.
   362 | D:1      | Became a worshipper of Kikubaaqudgha
   362 | D:1      | Reached * piety under Kikubaaqudgha
   362 | D:1      | Received a gift from Kikubaaqudgha
   508 | D:1      | Reached skill level 2 in Polearms
   675 | D:2      | Reached XP level 4. HP: 28/28 MP: 5/5
   809 | D:2      | Found a runed translucent door.
   810 | D:2      | Noticed Crazy Yiuf
   832 | D:2      | Noticed a phantom
   895 | D:2      | Killed a phantom
   896 | D:2      | Reached skill level 3 in Polearms
   896 | D:2      | Gained mutation: Your magical nature lets you fly swiftly
                  | and evasively. [Tengu growth]
   896 | D:2      | Reached XP level 5. HP: 17/33 MP: 6/6
   933 | D:2      | Found a radiant altar of Vehumet.
  1261 | D:2      | Reached skill level 4 in Polearms
  1377 | D:2      | Killed Crazy Yiuf
  1628 | D:3      | Reached ** piety under Kikubaaqudgha
  1633 | D:3      | Learned a level 1 spell: Necrotise
  1703 | D:3      | Reached XP level 6. HP: 20/38 MP: 7/7
  1775 | D:3      | Found an opulent altar of Gozag.
  2185 | D:3      | Upgraded the game from 0.29-a0-857-g9b1aa3ac5b to
                  | 0.29-a0-870-g2c972031a6
  2564 | D:4      | Reached skill level 1 in Spellcasting
  2564 | D:4      | Reached skill level 1 in Necromancy
  2695 | D:4      | Reached skill level 5 in Polearms
  2929 | D:5      | Entered Level 5 of the Dungeon
  2931 | D:5      | Found a shadowy altar of Dithmenos.
  3567 | D:5      | Found Tump's Weapon Shop.
  3579 | D:5      | Bought a +1 shortbow of freezing for 186 gold pieces
  3776 | D:6      | Noticed an ice beast
  3784 | D:5      | Reached skill level 1 in Dodging
  3784 | D:5      | Reached XP level 7. HP: 36/44 MP: 9/9
  3790 | D:5      | Reached skill level 1 in Ranged Weapons
  3841 | D:5      | Reached skill level 6 in Polearms
  3899 | D:5      | Reached skill level 5 in Fighting
  4547 | D:5      | Found Varameru's Antique Weapon Boutique.
  4806 | D:6      | Reached XP level 8. HP: 39/49 MP: 10/10
  4865 | D:6      | Reached skill level 7 in Polearms
  4870 | D:6      | Reached *** piety under Kikubaaqudgha
  4870 | D:6      | Received a gift from Kikubaaqudgha
  5065 | D:6      | Identified the +0 scale mail of Wifeis {*Slow rElec rF++
                  | Stlth+}
  5420 | D:6      | Reached skill level 5 in Armour
  5782 | D:7      | Reached skill level 8 in Polearms
  5837 | D:7      | Reached skill level 1 in Throwing
  5888 | D:7      | Found a flagged portal.
  5909 | Bailey   | Entered a bailey
  6293 | Bailey   | Reached skill level 9 in Polearms
  6293 | Bailey   | Reached XP level 9. HP: 31/55 MP: 11/11
  6608 | Bailey   | Reached skill level 10 in Polearms
  6835 | Bailey   | Noticed Prince Ribbit
  6839 | Bailey   | Noticed a vault guard
  6844 | Bailey   | Killed Prince Ribbit
  6845 | Bailey   | Reached skill level 11 in Polearms
  6849 | Bailey   | Killed a vault guard
  6850 | Bailey   | Reached skill level 12 in Polearms
  6850 | Bailey   | Reached XP level 10. HP: 8/60 MP: 12/12
  7152 | Bailey   | Noticed a vault guard
  7162 | Bailey   | Mangled by a vault guard

Illustrated notes

Levels and vault maps discovered:
D:1:      mrwooster_arrival_statue_2, layout_rooms,
          shapermc_ecumenical_altar_flowoftime
D:2:      layout_basic, basic_altar, serial_park_tiny_pond,
          uniq_crazy_yiuf_cottage
D:3:      layout_basic, mainiacjoe_overflow_24_doors, minivault_4
D:4:      layout_basic
D:5:      layout_cave_pods, nicolae_dithmenos_through_a_glass_darkly,
          serial_demonic, serial_demonic_e, serial_demonic_d, serial_demonic_b,
          serial_demonic_a, serial_shops, shop_statue, kennysheep_little_box
D:6:      layout_basic, minmay_temple_entry_trees, nrook_uturn,
          hellmonk_bongcloud_opening, serial_bayou_ford_a,
          minmay_fractal_squares_diagonal_5
D:7:      layout_basic, nzn_wu_jian_contemplation, enter_bailey_4
Bailey:   bailey_axe_froggy_fort_hellmonk, bailey

Skill      XL: |  1  2  3  4  5  6  7  8  9 |
---------------+----------------------------+-----
Polearms       | 1 2 3 4 5 6 9 12 | 12.4
Armour         | 4 5 |  5.0
Fighting       | 4 5 6 |  6.0
Spellcasting   | 1 |  1.0
Necromancy     | 1 2 |  2.0
Dodging        | 1 |  1.0
Ranged Weapons | 1 |  1.0
Throwing       | 3 |  3.0
Long Blades    | |  2.1
Shields        | |  3.0

Action                   |  1- 3 |  4- 6 |  7- 9 | 10-12 || total
-------------------------+-------+-------+-------+-------++-------
Melee: Long sword        |    52 |    19 |       |       ||    71
       Kick              |    16 |    19 |    26 |     2 ||    63
       Peck              |     7 |    16 |    18 |     2 ||    43
       Dagger            |       |    12 |       |       ||    12
       Bardiche          |       |    79 |   153 |     7 ||   239
 Fire: Shortbow          |       |     1 |    11 |       ||    12
Throw: Dart              |    11 |     3 |     6 |       ||    20
       Javelin           |       |       |     9 |     2 ||    11
       Boomerang         |       |       |     1 |       ||     1
 Cast: Necrotise         |       |       |     1 |       ||     1
Evoke: Wand              |       |       |     8 |       ||     8
  Use: Scroll            |     1 |    11 |     6 |       ||    18
       Potion            |       |       |    10 |     1 ||    11
 Stab: Fleeing           |       |       |     1 |       ||     1
Armor: Scale mail        |    11 |    24 |    79 |       ||   114
       Ring mail         |       |     3 |       |       ||     3
       Leather armour    |       |     1 |       |       ||     1
       Skin              |       |       |    12 |       ||    12
       Plate armour      |       |       |       |     1 ||     1
Dodge: Dodged            |     7 |    67 |   130 |     1 ||   205
Block: Buckler           |     5 |     3 |       |       ||     8

Table legend: (Time is in decaauts)
 A = Elapsed time spent in this place.
 B = Non-inter-level travel time spent in this place.
 C = Inter-level travel time spent in this place.
 D = Time resting spent in this place.
 E = Time spent auto-exploring this place.
 F = Levels seen in this place.
 G = Mean time per level.
                   A        B        C        D        E       F      G
               +--------+--------+--------+--------+--------+-----+--------+
         Total |   6922 |   6295 |    627 |   2128 |      8 |   8 |  865.2 |
       Dungeon |   5666 |   5039 |    627 |   1102 |      8 |   7 |  809.4 |
        Bailey |   1256 |   1256 |      0 |   1025 |      0 |   1 | 1256.0 |
               +--------+--------+--------+--------+--------+-----+--------+

Top non-repeatable levels by time:
  Bailey: 1256 daAuts
     D:5: 1248 daAuts
     D:4: 1152 daAuts
     D:3: 927 daAuts
     D:2: 808 daAuts
     D:6: 784 daAuts
     D:1: 611 daAuts
     D:7: 134 daAuts
